 Dungeon Crawl Stone Soup version 0.27-a0-988-g25969acef8 (webtiles) character file.

Game seed: 3836349087705467975

7 Lugonue the Magician (level 1, 0/9 HPs)
             Began as a Spriggan Hedge Wizard on Apr 15, 2021.
             Succumbed to an adder's poison
             ... on level 2 of the Dungeon.
             The game lasted 00:00:57 (477 turns).

Lugonue the Magician (Spriggan Hedge Wizard)         Turns: 477, Time: 00:00:58

Health: 0/9        AC:  2    Str:  6    XL:     1   Next: 91%
Magic:  1/6        EV: 17    Int: 15    God:
Gold:   10         SH:  0    Dex: 14    Spells: 7/8 levels left

rFire    . . .     SeeInvis +   a - +0 dagger
rCold    . . .     Faith    .   (shield restricted)
rNeg     . . .     Spirit   .   b - +0 robe
rPois    .         Reflect  .   c - +0 hat
rElec    .         Harm     .   (no cloak)
rCorr    .         Rampage  .   (gloves unavailable)
Will     .....                  (boots unavailable)
Stlth    ++........             (no amulet)
HPRegen  0.03/turn              (no ring)
MPRegen  0.10/turn              (no ring)

@: lethally poisoned (0 -> -1), very slightly contaminated, very quick
A: very small, no large weapons, unfitting armour, see invisible, speed 3
a: no special abilities


You were on level 2 of the Dungeon.
You visited 1 branch of the dungeon, and saw 2 of its levels.

You collected 10 gold pieces.

Inventory:

Hand Weapons
 a - a +0 dagger (weapon)
Armour
 b - a +0 robe (worn)
 c - a +0 hat (worn)


   Skills:
 + Level 0.4 Short Blades
 + Level 2.9 Dodging
 + Level 3.0 Stealth
 + Level 4.4 Spellcasting
 - Level 0.6 Conjurations
 - Level 0.7 Summonings
 - Level 1.5 Translocations


You had 7 spell levels left.
You knew the following spells:

 Your Spells              Type           Power      Damage    Failure   Level
a - Magic Dart            Conj           20%        1d4       14%         1

Your spell library contained the following spells:

 Spells                   Type           Power      Damage    Failure   Level
 Blink                    Tloc           N/A        N/A       14%         2
 Call Imp                 Summ           5%         N/A       21%         2
 Slow                     Hex            3%         N/A       26%         2
 Conjure Flame            Conj/Fire      4%         6-21      43%         3
 Mephitic Cloud           Conj/Pois/Air  3%         N/A       43%         3


Dungeon Overview and Level Annotations

Branches:
Dungeon (1/15)

Altars:


Innate Abilities, Weirdness & Mutations

You are very small and have problems with some larger weapons.
You are too small for most types of armour.
You have supernaturally acute eyesight. (SInv)
You cover ground extremely quickly. (Speed+++)


Message History

Okay, then.
An adder comes into view.
An adder is nearby!
An adder is nearby!
Aiming: Magic Dart (safe; 14% risk of failure)
Press: ? - help, Q - select action Shift-Dir - straight line, f - adder
Aim: an adder (wandering, hasn't noticed you, 100% to hit)
The magic dart hits the adder.
The adder is moderately wounded.
The adder hisses angrily.
Aiming: Magic Dart (safe; 14% risk of failure)
Press: ? - help, Q - select action Shift-Dir - straight line, f/p - adder
Aim: an adder (moderately wounded, 100% to hit)
You miscast Magic Dart.
You are very lightly contaminated with residual magic.
Nothing appears to happen.
Aiming: Magic Dart (safe; 14% risk of failure)
Press: ? - help, Q - select action Shift-Dir - straight line, f/p - adder
Aim: an adder (moderately wounded, 100% to hit)
The magic dart hits the adder.
The adder is heavily wounded.
Unknown command.
Aiming: Magic Dart (safe; 14% risk of failure)
Press: ? - help, Q - select action Shift-Dir - straight line, f/p - adder
Aim: an adder (heavily wounded, 100% to hit)
The magic dart hits the adder.
The adder is almost dead.
The adder bites you. x2
You are lethally poisoned!
The adder poisons you!
You aren't carrying any potions.
Unknown command.
You feel sick.
You feel sick.
* * * LOW HITPOINT WARNING * * *
You feel sick.
* * * LOW HITPOINT WARNING * * *
You feel sick.
A ball python comes into view.
You die...

#. #. #?...#
.# #.... ..
.... #. ...
#S #†. #.####
#.#
#.@..####.##
####.S.##..#
###...#.#
#............
######......#
##.......
##.##..#
..#... #....#


You could see an adder and a ball python (asleep).

Vanquished Creatures
  A giant cockroach (D:1)
  A goblin (D:1)
  2 hobgoblins (D:1)
  A quokka (D:2)
  A ball python (D:1)
6 creatures vanquished.

Notes
Turn   | Place    | Note
-------+----------+-------------------------------------------
     0 | D:1      | Lugonue the Spriggan Hedge Wizard began the quest for the
                  | Orb.
     0 | D:1      | Reached XP level 1. HP: 9/9 MP: 6/6
   449 | D:1      | You fall into a shaft and drop 1 floor!
   477 | D:2      | Succumbed to an adder's poison

Illustrated notes

Levels and vault maps discovered:
D:1:      ncdulo_watergridlock, layout_loops_corners, hangedman_glass_teeth,
          lemuel_old_faithful
D:2:      layout_rooms, basic_altar, hellmonk_ecumenical_altar_crossroads,
          hex_tiny, st_stairs_13

Action                   || total
-------------------------++-------
Melee: Dagger            ||    12
 Cast: Magic Dart        ||    18
Dodge: Dodged            ||    10

Table legend: (Time is in decaauts)
 A = Elapsed time spent in this place.
 B = Non-inter-level travel time spent in this place.
 C = Inter-level travel time spent in this place.
 D = Time resting spent in this place.
 E = Time spent auto-exploring this place.
 F = Levels seen in this place.
 G = Mean time per level.
                   A        B        C        D        E       F      G
               +--------+--------+--------+--------+--------+-----+--------+
         Total |    386 |    386 |      0 |      0 |    324 |   2 |  193.0 |
       Dungeon |    386 |    386 |      0 |      0 |    324 |   2 |  193.0 |
               +--------+--------+--------+--------+--------+-----+--------+

Top non-repeatable levels by time:
     D:1: 362 daAuts
     D:2: 24 daAuts
